 Dungeon Crawl Stone Soup version 0.31.0-11-ge490571c62 (webtiles) character file.

Game seed: 845104738078210212

30 Gadfly the Ruffian (level 3, 22/26 HPs)
             Began as a Demonspawn Shapeshifter on Jan 27, 2024.
             Quit the game on level 1 of the Dungeon.
             The game lasted 00:01:21 (641 turns).

Gadfly the Ruffian (Demonspawn Shapeshifter)         Turns: 641, Time: 00:01:21

Health: 22/26      AC:  2    Str: 16    XL:     3   Next: 5%
Magic:  3/3        EV: 12    Int: 10    God:
Gold:   32         SH:  0    Dex: 12    Spells: 2/2 levels left

rFire   . .          .
                       - Unarmed
rCold   . . .        (no shield)
rNeg    . . .        a - +0 animal skin
rPois   .            (helmet currently unavailable)
rElec   .            (cloak currently unavailable)
rCorr   .            e - melded +0 pair of gloves
SInv    +            (boots currently unavailable)
Will    .....        (no amulet)
Stlth   +            g - ring of see invisible
HPRegen 0.24/turn    h - ring of flight
MPRegen 0.08/turn

%: no passive effects
@: beast-form, flying
A: beast (slay +1), horns 1, demonic magic 1
a: Begin Untransformation


You were on level 1 of the Dungeon.
You were a hulking beast.
You visited 1 branch of the dungeon, and saw 1 of its levels.

You collected 32 gold pieces.

Inventory:

Armour
 a - a +0 animal skin (worn)
 e - a +0 pair of gloves (melded)
Jewellery
 g - a ring of see invisible (left hand)
 h - a ring of flight (right hand)
Talismans
 c - a beast talisman (active)
 d - a flux talisman
Potions
 b - a potion of lignification
 f - a potion of enlightenment {unknown}


   Skills:
 + Level 1.3 Fighting
 * Level 2.3 Dodging
 + Level 2.9 Unarmed Combat
 * Level 1.3 Evocations
 + Level 2.8 Shapeshifting


You had 2 spell levels left.
You didn't know any spells.
Your spell library contained the following spells:

 Spells                   Type           Power      Damage    Failure   Level
 Blink                    Tloc           0%         N/A       50%         2
 Cigotuvi's Dreadful Rot  Necr/Alch/Air  0%         N/A       50%         2
 Lesser Beckoning         Tloc           0%         N/A       50%         2
 Momentum Strike          Conj/Tloc      0%         3d8       50%         2
 Ignite Poison            Fire/Alch      0%         N/A       98%         4
 Freezing Cloud           Conj/Ice/Air   0%         6-21      100%        5


Dungeon Overview and Level Annotations

Branches:
Dungeon (1/15)

Altars:


Innate Abilities, Weirdness & Mutations

You are a hulking beast.
Your limbs bulge with bestial killing power. (Slay +1)
You have a pair of small horns on your head.
Spells you cast may paralyse adjacent enemies.


Message History

You hit the bat.
You kill the bat!
You barely miss the hobgoblin. The hobgoblin misses you.
You hit the hobgoblin.
The hobgoblin is moderately wounded.
You hit the hobgoblin.
The hobgoblin is severely wounded.
The hobgoblin completely misses you.
You barely miss the hobgoblin.
The hobgoblin is severely wounded.
You barely miss the hobgoblin.
The hobgoblin is severely wounded.
The hobgoblin hits you. The goblin hits you but does no damage.
You closely miss the hobgoblin. You punch the hobgoblin.
You kill the hobgoblin!
The goblin hits you with a +0 club.
You have reached level 3!
Your experience leads to an increase in your attributes!
Increase (S)trength, (I)ntelligence, or (D)exterity?
You feel stronger. x2
You feel monstrous as your demonic heritage exerts itself.
Your demonic ancestry asserts itself...
A pair of horns grows on your head!
You closely miss the goblin. The goblin closely misses you.
You closely miss the goblin. The goblin closely misses you.
You hit the goblin.
You kill the goblin!
No target in view!
No target in view!
No target in view!
No target in view!
No target in view!
No target in view!
No target in view!
No target in view!
No target in view!
No target in view!
No target in view!
No target in view!
Are you sure you want to abandon this character and quit the game? (Confirm with "yes".)

#.###.##.##.##(....#
#.# ### ###....[##.#
#.# #....##.#..# #+#
#######..#....#
~~...###...##.#
#....#####.# .
#.##..# ..#
...#.#...####†#
............h.#
...###...#..#)# .
##..#..#.#
....#..#.#
#####...#.# #$.##.#
#..# .# #..# .# ..


There were no monsters in sight!

Vanquished Creatures
  3 endoplasms (D:1)
  A giant cockroach (D:1)
  A goblin (D:1)
  A hobgoblin (D:1)
  3 jackals (D:1)
  3 kobolds (D:1)
  A quokka (D:1)
  6 ball pythons (D:1)
  6 bats (D:1)
  A frilled lizard (D:1)
  2 rats (D:1)
28 creatures vanquished.

Notes
Turn   | Place    | Note
-------+----------+-------------------------------------------
     0 | D:1      | Gadfly the Demonspawn Shapeshifter began the quest for the
                  | Orb.
     0 | D:1      | Reached XP level 1. HP: 15/15 MP: 1/1
   275 | D:1      | Gained mutation: Spells you cast may paralyse adjacent
                  | enemies. [demonic ancestry]
   275 | D:1      | Reached XP level 2. HP: 21/21 MP: 2/2
   472 | D:1      | Reached skill level 1 in Evocations
   638 | D:1      | Discovered your monstrous ancestry.
   638 | D:1      | Gained mutation: You have a pair of small horns on your
                  | head. [demonic ancestry]
   638 | D:1      | Reached XP level 3. HP: 21/26 MP: 3/3
   641 | D:1      | Quit the game

Illustrated notes

Levels and vault maps discovered:
D:1:      saegor_arrival_simple_b, layout_loops_corners,
          shapermc_ecumenical_altar_hornbeckon, minmay_misc_feat_four_crosses,
          corexii_corridor_pit, chequers_serial_rivers_large_a,
          minmay_tromino_v4_a

Skill      XL: |  1  2 |
---------------+-------+-----
Dodging        | 2 |  2.3
Evocations     | 1 |  1.3
Fighting       | |  1.3
Unarmed Combat | |  2.9
Shapeshifting  | |  2.8

Action                     || total
---------------------------++-------
  Melee: Unarmed           ||   101
         Punch             ||     1
Ability: Begin Untransform ||     1
    Use: Scroll            ||     2
   Stab: Sleeping          ||     1
 Armour: Animal skin       ||    73
  Dodge: Dodged            ||   118
   Form: Beast             ||     1
